 Dungeon Crawl Stone Soup version 0.29.0-4-gdea44cf6ec (webtiles) character file.

Game seed: 17539325981521558571

35 qw the Sneak (level 3, 0/28 HPs)
             Began as a Ghoul Enchanter on Sept 4, 2022.
             Slain by a hobgoblin (4 damage)
             ... on level 1 of the Dungeon.
             The game lasted 00:00:39 (989 turns).

qw the Sneak (Ghoul Enchanter)                       Turns: 989, Time: 00:00:40

Health: 0/28       AC:  2    Str: 13    XL:     3   Next: 35%
Magic:  4/4        EV: 12    Int: 10    God:
Gold:   33         SH:  0    Dex:  9    Spells: 5/5 levels left

rFire   . . .      SeeInvis .     - Unarmed
rCold   + . .      Faith    .   (no shield)
rNeg    + + +      Spirit   .   b - +0 robe
rPois   inf        Reflect  .   (no helmet)
rElec   .          Harm     .   (no cloak)
rCorr   .          Rampage  .   (no gloves)
Will    .....                   (no boots)
Stlth   ++........              (no amulet)
HPRegen 0.00/turn               (no ring)
MPRegen 0.09/turn               (no ring)

@: inhibited regen
A: claws 1, cold resistance 1, negative energy resistance 3, inhibited
regeneration, torment resistance 2, devour on kill
a: no special abilities


You were on level 1 of the Dungeon.
You visited 1 branch of the dungeon, and saw 1 of its levels.

You collected 33 gold pieces.


Innate Abilities, Weirdness & Mutations

You are immune to poison.
You have sharp fingernails.
Your flesh is cold resistant. (rC+)
You are immune to negative energy. (rN+++)
You do not regenerate when monsters are visible.
You are immune to unholy pain and torment.
You thrive by killing the living.


   Skills:
 - Level 1.2 Fighting
 - Level 0.8 Short Blades
 - Level 1.7 Dodging
 - Level 3.2 Stealth
 + Level 2.8 Unarmed Combat
 - Level 1.7 Spellcasting
 - Level 2.4 Hexes


You had 5 spell levels left.
You didn't know any spells.
Your spell library contained the following spells:

 Spells                   Type           Power      Damage    Failure   Level
 Ensorcelled Hibernation  Hex/Ice        6%         N/A       30%         2
 Confusing Touch          Hex            5%         N/A       34%         3
 Tukima's Dance           Hex            5%         N/A       34%         3
 Dazzling Flash           Conj/Hex       6%         N/A       52%         3

Inventory:

Armour
 a - a +0 ring mail
 b - a +0 robe (worn)
Scrolls
 f - a scroll of identify {unknown}
 g - a scroll of poison {unknown}
 h - a scroll of silence {unknown}
 i - a scroll of brand weapon {unknown}
Potions
 c - 2 potions of invisibility
 d - 2 potions of lignification {unknown}
 e - a potion of heal wounds {unknown}

Dungeon Overview and Level Annotations

Branches:
Dungeon (1/15)

Altars:


Message History

The hobgoblin closely misses you.
You closely miss the hobgoblin.
The hobgoblin is severely wounded.
The hobgoblin closely misses you.
977 ||| Stepping ~*~*~tactically~*~*~ (outnumbered).
978 ||| Stepping ~*~*~tactically~*~*~ (outnumbered).
The endoplasm attacks as you move away! The endoplasm closely misses you.
The hobgoblin attacks as you move away! The hobgoblin hits you.
979 ||| Stepping ~*~*~tactically~*~*~ (outnumbered).
The endoplasm attacks as you move away! The endoplasm hits you.
980 ||| Stepping ~*~*~tactically~*~*~ (outnumbered).
The endoplasm attacks as you move away! The endoplasm hits you.
You completely miss the endoplasm. The endoplasm freezes you.
You are frozen.
You resist.
You scratch the endoplasm.
The endoplasm is heavily wounded.
The endoplasm hits you but does no damage.
You scratch the endoplasm but do no damage.
The endoplasm is heavily wounded.
The endoplasm barely misses you.
You barely miss the endoplasm.
The endoplasm is heavily wounded.
The endoplasm hits you.
You scratch the endoplasm but do no damage.
The endoplasm is moderately wounded.
The endoplasm hits you.
You scratch the endoplasm.
You kill the endoplasm!
You feel better.
You closely miss the hobgoblin.
The hobgoblin is moderately wounded.
The hobgoblin hits you.
You closely miss the hobgoblin.
The hobgoblin is lightly wounded.
The hobgoblin hits you.
You scratch the hobgoblin.
The hobgoblin is heavily wounded.
The hobgoblin hits you.
You die...

#.........#
#.........#
#.........#
#.........#
#.........#
########..######
.........%.......
.##
######g%######..
..# ##@.## #.#
#####..##
#.####.....## #
#.#....##### .
#.#.#### # #.#.#
#...#


777777 ##..# ...... #..# 777777 You could see a hobgoblin.

Vanquished Creatures
  6 endoplasms (D:1)
  2 giant cockroaches (D:1)
  4 goblins (D:1)
  A hobgoblin (D:1)
  5 jackals (D:1)
  A ball python (D:1)
  2 bats (D:1)
  2 frilled lizards (D:1)
  6 kobolds (D:1)
  4 rats (D:1)
33 creatures vanquished.

Notes
Turn   | Place    | Note
-------+----------+-------------------------------------------
     0 | D:1      | qw the Ghoul Enchanter began the quest for the Orb.
     0 | D:1      | Reached XP level 1. HP: 14/14 MP: 2/2
     0 | D:1      | 0 ||| qw: Version: 0.1-a-103-gd6f5d3a
     0 | D:1      | 0 ||| qw: Game counter: 5734
     0 | D:1      | 0 ||| qw: Always use a shield: true
     0 | D:1      | 0 ||| qw: God list: Okawaru
     0 | D:1      | 0 ||| qw: Allow faded altars: false
     0 | D:1      | 0 ||| qw: Do Orc after D:15 true
     0 | D:1      | 0 ||| qw: Do second Lair branch before Depths: true
     0 | D:1      | 0 ||| qw: Lair rune preference: random
     0 | D:1      | 0 ||| qw: Plans: Normal
     0 | D:1      | 0 ||| PLANNING D:1-11
     1 | D:1      | 1 ||| DROPPING +1 dagger.
    53 | D:1      | Reached skill level 1 in Unarmed Combat
   178 | D:1      | Reached skill level 1 in Fighting
   178 | D:1      | Reached XP level 2. HP: 21/23 MP: 3/3
   379 | D:1      | 379 ||| Stepping ~*~*~tactically~*~*~ (stealth).
   541 | D:1      | Reached XP level 3. HP: 27/28 MP: 4/4
   591 | D:1      | 591 ||| Stepping ~*~*~tactically~*~*~ (stealth).
   593 | D:1      | 593 ||| Stepping ~*~*~tactically~*~*~ (stealth).
   754 | D:1      | 754 ||| Stepping ~*~*~tactically~*~*~ (stealth).
   758 | D:1      | 758 ||| Stepping ~*~*~tactically~*~*~ (stealth).
   761 | D:1      | 761 ||| Stepping ~*~*~tactically~*~*~ (stealth).
   763 | D:1      | 763 ||| Stepping ~*~*~tactically~*~*~ (stealth).
   776 | D:1      | 776 ||| Stepping ~*~*~tactically~*~*~ (stealth).
   777 | D:1      | 777 ||| Stepping ~*~*~tactically~*~*~ (stealth).
   778 | D:1      | 778 ||| Stepping ~*~*~tactically~*~*~ (stealth).
   977 | D:1      | 977 ||| Stepping ~*~*~tactically~*~*~ (outnumbered).
   978 | D:1      | 978 ||| Stepping ~*~*~tactically~*~*~ (outnumbered).
   979 | D:1      | 979 ||| Stepping ~*~*~tactically~*~*~ (outnumbered).
   980 | D:1      | 980 ||| Stepping ~*~*~tactically~*~*~ (outnumbered).
   985 | D:1      | HP: 7/28 [endoplasm (3)]
   989 | D:1      | Slain by a hobgoblin

Levels and vault maps discovered:
D:1:      eino_arrival_tree_alley, layout_rooms, skrybe_limestone_x

Skill      XL: |  1  2 |
---------------+-------+-----
Unarmed Combat | 1 2 |  2.8
Fighting       | 1 |  1.2
Short Blades   | |  0.8
Dodging        | |  1.7
Stealth        | |  3.2
Spellcasting   | |  1.7
Hexes          | |  2.4

Action                   || total
-------------------------++-------
Melee: Unarmed           ||   119
       Punch             ||     2
Armor: Robe              ||    20
Dodge: Dodged            ||    53

Table legend:
 A = Non-vault XP
 B = Vault XP
 C = Vault XP percentage of total XP
 D = Non-vault monster count
 E = Vault monster count
 F = Vault count percentage of total count
                 A         B        C        D         E       F
            +---------+---------+-------+---------+---------+-------
      Total |      51 |       0 |   0.0 |      33 |       0 |   0.0
            +---------+---------+-------+---------+---------+-------
        D:1 |      51 |       0 |   0.0 |      33 |       0 |   0.0
            +---------+---------+-------+---------+---------+-------
